 Dungeon Crawl Stone Soup version 0.31.0-11-ge490571c62 (webtiles) character file.

Game seed: 1996784648211980680

823 browni3141 the Chopper (level 7, -5/61 HPs)
             Began as a Minotaur Fighter on Jan 27, 2024.
             Slain by Pikel
             ... wielding a +1 whip of electrocution
              (9 damage)
             ... on level 4 of the Dungeon.
             The game lasted 00:01:45 (2047 turns).

browni3141 the Chopper (Minotaur Fighter)           Turns: 2047, Time: 00:01:46

Health: -5/61      AC: 11    Str: 23    XL:     7   Next: 64%
Magic:  6/6        EV:  9    Int:  5    God:
Gold:   114        SH:  9    Dex:  9    Spells: 6/6 levels left

rFire   . . .        a - +0 war axe
rCold   . . .        c - +0 buckler
rNeg    . . .        j - +0 chain mail
rPois   .            (helmet restricted)
rElec   .            d - +0 cloak
rCorr   .            (no gloves)
SInv    .            (no boots)
Will    .....        l - amulet of reflection Stlth
                     (no ring)
HPRegen 0.30/turn    (no ring)
MPRegen 0.10/turn

%: reflection
@: no status effects
A: horns 2, retaliatory headbutt
a: no special abilities


You were on level 4 of the Dungeon.
You visited 1 branch of the dungeon, and saw 4 of its levels.

You collected 114 gold pieces.

Inventory:

Hand Weapons
 a - a +0 war axe (weapon)
Armour
 b - a +0 scale mail
 c - a +0 buckler (worn)
 d - a +0 cloak (worn)
 j - a +0 chain mail (worn)
Jewellery
 l - an amulet of reflection (around neck)
 m - a ring of magical power
 v - an amulet of faith
Wands
 n - a wand of polymorph (8)
 r - a wand of flame (21)
Scrolls
 f - 2 scrolls of brand weapon {unknown}
 g - 3 scrolls of teleportation {unknown}
 h - a scroll of poison {unknown}
 o - a scroll of butterflies {unknown}
 p - 2 scrolls of vulnerability {unknown}
 s - a scroll of identify {unknown}
 t - a scroll of enchant armour {unknown}
 u - a scroll of blinking {unknown}
Potions
 e - a potion of mutation {unknown}
 i - a potion of haste {unknown}
 k - a potion of degeneration {unknown}
 q - a potion of attraction {unknown}


   Skills:
 + Level 5.3 Fighting
 * Level 6.0 Axes
 + Level 5.4 Armour
 + Level 3.4 Dodging
 + Level 5.2 Shields
 + Level 2.2 Evocations


You had 6 spell levels left.
You didn't know any spells.
Your spell library contained the following spells:

 Spells                   Type           Power      Damage    Failure   Level
 Mercury Vapours          Alch/Air       0%         N/A       99%         2
 Brom's Barrelling Bould  Conj/Erth      0%         2d3       100%        4
 Olgreb's Toxic Radiance  Alch           0%         N/A       100%        4
 Alistair's Intoxication  Alch           0%         N/A       100%        5
 Yara's Violent Unravell  Hex/Alch       0%         3d3       100%        5


Dungeon Overview and Level Annotations

Branches:
Dungeon (4/15)
 Temple: D:4-7

Altars:

Annotations:
D:4 Pikel


Innate Abilities, Weirdness & Mutations

You have a pair of horns on your head.
You reflexively headbutt those who attack you in melee.


Message History

The adder is moderately wounded.
The adder bites you but does no damage. You block the adder's attack.
You barely miss the adder.
The adder is moderately wounded.
The adder barely misses you. You furiously retaliate!
You headbutt the adder!
You kill the adder!
No target in view!
No target in view!
You see here a +0 dagger.
g - 3 scrolls labelled FOEPHA JASKOS (gained 1)
You see here a +0 dagger.
There is an open door here.
Found a stone staircase leading up.
There is a stone staircase leading up here.
v - an amulet of faith
There is a stone staircase leading up here.
You now have 114 gold pieces (gained 9).
You see here a +0 club.
A hound comes into view.
A hound is nearby!
Okay, then.
You slash the hound!
The hound is almost dead.
The hound bites you but does no damage. The hound completely misses you.
You hit the hound but do no damage. Your headbutt misses the hound.
The hound is almost dead.
You block the hound's attack.
You closely miss the hound. Your headbutt misses the hound.
The hound is almost dead.
The hound bites you. You block the hound's attack.
You closely miss the hound.
The hound is almost dead.
The hound bites you but does no damage. x2
You slash the hound!
You kill the hound! 3 lemures come into view.
The lemure shouts!
The lemure moves out of view.
Pikel, Merchant of Souls comes into view.
He is wielding a +1 whip of electrocution.
Pikel shouts!
You hear a shout!
A lemure comes into view.
There are monsters nearby!
There are monsters nearby!
There are monsters nearby!
The lemure shouts!
A goblin comes into view. It is wielding a +0 club.
The lemure attacks as it pursues you! The lemure hits you but does no damage.
The lemure hits you but does no damage.
You slash the lemure!
The lemure is moderately wounded.
You block the lemure's attack.
You hit the lemure.
The lemure is heavily wounded.
The lemure hits you but does no damage.
You hit Pikel.
Pikel is lightly wounded.
Pikel barely misses you. You furiously retaliate!
You headbutt Pikel, but do no damage. You hit Pikel but do no damage.
Pikel is lightly wounded.
You block Pikel's attack.
You barely miss Pikel.
Pikel is lightly wounded.
You block Pikel's attack.
You barely miss Pikel.
Pikel is lightly wounded.
Pikel hits you with a +1 whip of electrocution.
You are electrocuted!
You hit Pikel. You headbutt Pikel.
Pikel is moderately wounded.
Pikel barely misses you.
Pikel hits you with a +1 whip of electrocution.
You slash Pikel!
Pikel is heavily wounded.
Pikel hits you but does no damage.
You are electrocuted!
You closely miss Pikel.
Pikel is heavily wounded.
Pikel hits you but does no damage.
You hit Pikel. Your headbutt misses Pikel.
Pikel is severely wounded.
You block Pikel's attack.
You barely miss Pikel.
Pikel is severely wounded.
Pikel hits you with a +1 whip of electrocution.
You are electrocuted!
You hit Pikel.
Pikel is severely wounded.
Pikel checks his coin pouch and frowns.
Pikel closely misses you. You furiously retaliate!
You headbutt Pikel! You block Pikel's attack.
You barely miss Pikel.
Pikel is almost dead.
Pikel says, "You'll rot in Tartarus!"
Pikel hits you with a +1 whip of electrocution.
You hit Pikel.
Pikel is almost dead.
Pikel hits you with a +1 whip of electrocution!
You are electrocuted!
You die...
Pikel says, "See you in Hell!"

#...#......# ###.###
#.g.#......####.....#
#####+#...#......##...###.#
#.........#......##.#...#..
#......5K.#.........###.#..
#........5#.####)...# #...<
#.........#.# #....# ####.
#......5.##)####....######.
#......g5K@.>..'....'....<.
#.......###.####....#######
......... ..#..............
.......####.#.#############
....... ..#.#.####.......
....... #.#.#......#####.
###### #.#.#.####.#^....
#.#.#......#..##.
#######.#.#..###.#.....


You could see Pikel, 2 lemures and a goblin.

Vanquished Creatures
  Grinder (D:3)
  Sigmund (D:4)
  An ogre (D:4)
  A scorpion (D:4)
  An orc priest (D:4)
  A hound (D:4)
  Ijyb (D:3)
  Natasha (thrice) (D:4)
  Robin (D:3)
  3 gnolls (D:3)
  7 adders
  2 dart slugs (D:2)
  4 orcs (D:3)
  3 ball pythons
  2 endoplasms (D:3)
  2 giant cockroaches
  2 hobgoblins (D:3)
  3 kobolds
  2 quokkas
  A bat (D:2)
  2 frilled lizards (D:3)
  10 goblins
  4 rats
58 creatures vanquished.

Notes
Turn   | Place    | Note
-------+----------+-------------------------------------------
     0 | D:1      | browni3141 the Minotaur Fighter began the quest for the
                  | Orb.
     0 | D:1      | Reached XP level 1. HP: 19/19 MP: 0/0
   151 | D:1      | Got the Dissertation on the Viridian Geologist
   276 | D:2      | Reached XP level 2. HP: 22/27 MP: 1/1
   289 | D:2      | Reached skill level 3 in Axes
   339 | D:2      | Reached skill level 1 in Dodging
   339 | D:2      | Reached XP level 3. HP: 10/33 MP: 2/2
   465 | D:3      | Noticed Robin
   486 | D:3      | Killed Robin
   610 | D:3      | Noticed Ijyb
   621 | D:3      | Killed Ijyb
   622 | D:3      | Reached XP level 4. HP: 40/40 MP: 3/3
   842 | D:3      | Reached skill level 4 in Axes
  1149 | D:3      | Reached XP level 5. HP: 46/46 MP: 4/4
  1228 | D:3      | Noticed Grinder
  1233 | D:3      | Paralysed by Grinder for 2 turns
  1246 | D:3      | Killed Grinder
  1247 | D:3      | Reached skill level 1 in Evocations
  1247 | D:3      | Reached XP level 6. HP: 34/53 MP: 5/5
  1446 | D:4      | Noticed Natasha
  1454 | D:4      | Reached skill level 5 in Axes
  1460 | D:4      | Killed Natasha
  1562 | D:4      | Reached skill level 5 in Fighting
  1562 | D:4      | Reached skill level 5 in Armour
  1562 | D:4      | Reached XP level 7. HP: 25/61 MP: 6/6
  1684 | D:4      | Noticed Sigmund
  1697 | D:4      | Killed Sigmund
  1698 | D:4      | Reached skill level 5 in Shields
  1788 | D:4      | Noticed Natasha
  1795 | D:4      | Killed Natasha
  1797 | D:4      | Noticed Natasha
  1807 | D:4      | Killed Natasha
  1808 | D:4      | Reached skill level 6 in Axes
  2027 | D:4      | Noticed Pikel
  2047 | D:4      | Slain by Pikel

Illustrated notes

Levels and vault maps discovered:
D:1:      dpeg_arrival_erosion, layout_basic, serial_shops,
          nicolae_shop_waterfront
D:2:      layout_rooms, uniq_crazy_yiuf_cottage
D:3:      layout_loops_corners, minmay_misc_feat_columns, uniq_ijyb,
          uniq_grinder, uniq_robin
D:4:      layout_basic, hangedman_abyss_or_decor_stabs, uniq_pikel,
          uniq_natasha, uniq_sigmund

Skill      XL: |  1  2  3  4  5  6  7 |
---------------+----------------------+-----
Axes           | 3 4 5 6 |  6.0
Dodging        | 1 2 3 |  3.4
Armour         | 4 5 |  5.4
Fighting       | 4 5 |  5.3
Shields        | 4 5 |  5.2
Evocations     | 1 2 |  2.2

Action                     |  1- 3 |  4- 6 |  7- 9 || total
---------------------------+-------+-------+-------++-------
  Melee: War axe           |    70 |    60 |    45 ||   175
         Headbutt          |     5 |     8 |     3 ||    16
  Evoke: Wand              |       |       |     2 ||     2
    Use: Potion            |       |     1 |       ||     1
 Armour: Scale mail        |    25 |       |       ||    25
         Skin              |    12 |       |       ||    12
         Chain mail        |    19 |    49 |    37 ||   105
  Dodge: Dodged            |    39 |    20 |    14 ||    73
  Block: Buckler           |    23 |    29 |    19 ||    71
         Reflection        |       |     1 |       ||     1
